 Dungeon Crawl Stone Soup version 0.31-a0-774-g0d66cbabe8 (webtiles) character file.

Game seed: 13950333543132040448

53 Shayle the Ruffian (level 3, -3/33 HPs)
             Began as an Ogre Hexslinger on Sept 18, 2023.
             Was an Initiate of Kikubaaqudgha.
             Killed by nerve-wracking pain
             ... invoked by Jessica
              (12 damage)
             ... on level 2 of the Dungeon.
             The game lasted 00:03:04 (1254 turns).

Shayle the Ruffian (Ogre Hexslinger)                Turns: 1254, Time: 00:03:05

Health: -3/33      AC:  3    Str: 12    XL:     3   Next: 89%
Magic:  4/4        EV: 10    Int: 16    God:    Kikubaaqudgha [......]
Gold:   71         SH:  0    Dex: 11    Spells: 4/4 levels left

rFire   . . .        k - +2 short sword (elec)
rCold   . . .        (no shield)
rNeg    . . .        c - +0 robe
rPois   .            (helmet restricted)
rElec   .            (no cloak)
rCorr   .            (gloves unavailable)
SInv    .            (boots unavailable)
Will    .....        (no amulet)
Stlth   +            (no ring)
HPRegen 0.25/turn    (no ring)
MPRegen 0.09/turn

%: no passive effects
@: no status effects
A: large, unfitting armour, tough skin 1
a: Renounce Religion


You were on level 2 of the Dungeon.
You worshipped Kikubaaqudgha.
Kikubaaqudgha was noncommittal.
You visited 1 branch of the dungeon, and saw 2 of its levels.

You collected 71 gold pieces.

Inventory:

Hand Weapons
 a - a +1 sling
 k - a +2 short sword of electrocution (weapon)
Missiles
 n - a throwing net
Armour
 c - a +0 robe (worn)
Jewellery
 i - a ring of positive energy
Scrolls
 b - 2 scrolls of poison
 d - a scroll of immolation {unknown}
 f - a scroll of identify {unknown}
 g - a scroll of butterflies {unknown}
 h - a scroll of enchant armour {unknown}
 l - a scroll of fear {unknown}
 o - a scroll of revelation {unknown}
 p - a scroll of brand weapon {unknown}
Potions
 e - a potion of resistance {unknown}
 j - a potion of curing {unknown}
 m - a potion of cancellation
 q - a potion of might {unknown}


   Skills:
 - Level 1.3 Fighting
 - Level 1.3 Ranged Weapons
 - Level 1.7 Dodging
 + Level 3.0 Unarmed Combat
 - Level 1.2 Spellcasting
 - Level 2.6 Hexes
 - Level 0.8 Fire Magic


You had 4 spell levels left.
You didn't know any spells.
Your spell library contained the following spells:

 Spells                   Type           Power      Damage    Failure   Level
 Jinxbite                 Hex            18%        N/A       12%         2
 Sigil of Binding         Hex            9%         N/A       22%         3
 Inner Flame              Hex/Fire       6%         N/A       32%         3
 Frozen Ramparts          Ice            0%         1d1       56%         3
 Gell's Gravitas          Tloc           0%         N/A       56%         3
 Teleport Other           Tloc           0%         N/A       56%         3
 Cause Fear               Hex            4%         N/A       58%         4
 Dimensional Bullseye     Hex/Tloc       2%         N/A       78%         4
 Petrify                  Tmut/Erth      0%         N/A       92%         4
 Metabolic Englaciation   Hex/Ice        2%         N/A       98%         5
 Dispersal                Tloc           0%         N/A       100%        6


Dungeon Overview and Level Annotations

Branches:
Dungeon (2/15)

Altars:
Kikubaaqudgha

Shops:
D:2 (

Annotations:
D:2 1 runed translucent door, Crazy Yiuf, Jessica


Innate Abilities, Weirdness & Mutations

You are too large for most types of armour.
You have tough skin. (AC +1)


Message History

Jessica seems to speed up.
Jessica gestures wildly while chanting.
Jessica blinks!
Jessica gestures at you while chanting. You resist with some effort.
Jessica mumbles something strange.
Jessica hits you with a +0 club! Jessica barely misses you.
You hit Jessica.
Jessica is lightly wounded.
Jessica points at you and mumbles some strange words.
You resist with some effort.
You hit Jessica.
Jessica is moderately wounded.
Jessica mumbles something strange.
Jessica hits you with a +0 club.
Jessica gestures wildly while chanting.
Jessica blinks!
Found a scroll labelled XYAF DAMUPE.
Jessica casts a spell.
Jessica blinks!
An endoplasm comes into view.
Jessica points at you and mumbles some strange words.
You resist with some effort.
You see here a scroll labelled GAECUR SOSAL.
Found 4 gold pieces.
Jessica hits you with a +0 club.
You hit Jessica but do no damage.
Jessica is moderately wounded.
Jessica hits you with a +0 club.
You closely miss Jessica.
Jessica is moderately wounded.
Jessica gestures wildly.
Jessica hits you with a +0 club.
Jessica shouts, "Stop bothering me, or I'll kill you!"
Jessica hits you with a +0 club.
* * * LOW HITPOINT WARNING * * *
It was a potion of cancellation.
You feel magically purged.
Jessica points at you and mumbles some strange words.
Pain shoots through your body!
You die...
Kikubaaqudgha rasps: "You have failed me!
Welcome... death!"

.......>#....#
......###....########
......######.##......
......##.............
......##........[...
#.######....$.?...#
#.# #......$...######
#.# #........@...?...
#.# #........@.J.....
#)# #......?.........
#.###
#####.###........
#...########.#
#.......$
.............#
#........
.....#########
#........ .....#
#........ .....#
#........ .....#
.......


You could see Jessica (fast) and an endoplasm.

Vanquished Creatures
  An adder (D:2)
  A worm (D:2)
  3 bats
  3 endoplasms (D:1)
  2 giant cockroaches (D:1)
  6 goblins
  3 hobgoblins (D:1)
  5 kobolds (D:1)
  5 ball pythons
  5 frilled lizards
  5 rats
39 creatures vanquished.

Notes
Turn   | Place    | Note
-------+----------+-------------------------------------------
     0 | D:1      | Shayle the Ogre Hexslinger began the quest for the Orb.
     0 | D:1      | Reached XP level 1. HP: 19/19 MP: 2/2
    70 | D:1      | Reached skill level 1 in Unarmed Combat
    80 | D:1      | Reached XP level 2. HP: 20/27 MP: 3/3
   249 | D:1      | Reached skill level 2 in Unarmed Combat
   347 | D:1      | Reached XP level 3. HP: 32/33 MP: 4/4
   610 | D:2      | Found an ancient bone altar of Kikubaaqudgha.
   620 | D:2      | Became a worshipper of Kikubaaqudgha
   865 | D:2      | Found a runed translucent door.
   866 | D:2      | Noticed Crazy Yiuf
   899 | D:2      | Found Faolysor's Antique Weapon Boutique.
  1122 | D:2      | Reached skill level 3 in Unarmed Combat
  1232 | D:2      | Noticed Jessica
  1254 | D:2      | Killed from afar by Jessica

Illustrated notes

Levels and vault maps discovered:
D:1:      lemuel_arrival_hallway, layout_basic, grunt_decor_junction,
          minivault_23
D:2:      layout_basic, serial_shops, shop, basic_altar,
          uniq_crazy_yiuf_cottage, uniq_jessica

Skill      XL: |  1  2  3 |
---------------+----------+-----
Unarmed Combat | 1 2 3 |  3.0
Fighting       | |  1.3
Ranged Weapons | |  1.3
Dodging        | |  1.7
Spellcasting   | |  1.2
Hexes          | |  2.6
Fire Magic     | |  0.8

Action                     || total
---------------------------++-------
  Melee: Short sword       ||    46
   Fire: Sling             ||    76
    Use: Potion            ||     1
   Stab: Sleeping          ||     1
 Armour: Robe              ||    71
  Dodge: Dodged            ||    46

Table legend: (Time is in decaauts)
 A = Elapsed time spent in this place.
 B = Non-inter-level travel time spent in this place.
 C = Inter-level travel time spent in this place.
 D = Time resting spent in this place.
 E = Time spent auto-exploring this place.
 F = Levels seen in this place.
 G = Mean time per level.
                   A        B        C        D        E       F      G
               +--------+--------+--------+--------+--------+-----+--------+
         Total |   1278 |   1267 |     11 |     38 |    864 |   2 |  639.0 |
       Dungeon |   1278 |   1267 |     11 |     38 |    864 |   2 |  639.0 |
               +--------+--------+--------+--------+--------+-----+--------+

Top non-repeatable levels by time:
     D:2: 643 daAuts
     D:1: 635 daAuts
